 Dungeon Crawl Stone Soup version 0.29.1-14-g9c671dbff4 (webtiles) character file.

Game seed: 8987626162472256415

86 Gabide the Ruffian (level 4, -3/37 HPs)
             Began as a Ghoul Gladiator on Feb 20, 2023.
             Slain by a gnoll
             ... wielding a +0 spear
              (9 damage)
             ... on level 4 of the Dungeon.
             The game lasted 00:02:12 (2081 turns).

Gabide the Ruffian (Ghoul Gladiator)                Turns: 2081, Time: 00:02:12

Health: -3/37      AC:  4    Str: 19    XL:     4   Next: 49%
Magic:  3/3        EV: 12    Int:  3    God:
Gold:   162        SH:  0    Dex: 10    Spells: 3/3 levels left

rFire   . . .      SeeInvis .     - Unarmed
rCold   + . .      Faith    .   (no shield)
rNeg    + + +      Spirit   .   a - +0 leather armour
rPois   ∞          Reflect  .   b - +0 helmet
rElec   .          Harm     .   (no cloak)
rCorr   .          Rampage  .   (no gloves)
Will    .....                   (no boots)
Stlth   +.........              (no amulet)
HPRegen 0.00/turn               (no ring)
MPRegen 0.08/turn               (no ring)

@: inhibited regen
A: claws 1, cold resistance 1, negative energy resistance 3, inhibited
regeneration, torment resistance 2, devour on kill
a: no special abilities


You were on level 4 of the Dungeon.
You visited 1 branch of the dungeon, and saw 4 of its levels.

You collected 162 gold pieces.

Inventory:

Missiles
 c - 4 throwing nets
 d - a javelin
 g - 13 stones (quivered)
 k - 4 curare-tipped darts
Armour
 a - a +0 leather armour (worn)
 b - a +0 helmet (worn)
Jewellery
 q - a ring of wizardry
Scrolls
 e - a scroll of magic mapping
 f - a scroll of torment
 h - a scroll of summoning {unknown}
 i - a scroll of fear {unknown}
 n - a scroll of teleportation {unknown}
Potions
 j - a potion of cancellation {unknown}
 l - a potion of magic
 m - a potion of flight
 o - 2 potions of heal wounds


   Skills:
 + Level 2.9 Fighting
 * Level 2.9 Throwing
 + Level 3.2 Dodging
 + Level 3.8 Unarmed Combat


You had 3 spell levels left.
You didn't know any spells.
Your spell library contained the following spells:

 Spells                   Type           Power      Damage    Failure   Level
 Necrotise                Necr           0%         1d4       58%         1
 Poisonous Vapours        Pois/Air       0%         N/A       73%         2
 Vampiric Draining        Necr           0%         2d6       91%         3
 Corpse Rot               Necr/Pois/Air  0%         N/A       100%        4
 Agony                    Necr           0%         N/A       100%        5


Dungeon Overview and Level Annotations

Branches:
Dungeon (4/15)
 Temple: D:4-7

Altars:

Shops:
D:1 (


Innate Abilities, Weirdness & Mutations

You are immune to poison.
You have sharp fingernails.
Your flesh is cold resistant. (rC+)
You are immune to negative energy. (rN+++)
You do not regenerate when monsters are visible.
You are immune to unholy pain and torment.
You thrive by killing the living.


Message History

The endoplasm jiggles.
The giant cockroach moves out of view.
The gnoll hits you from afar with a +0 spear.
The gnoll hits you with a +0 spear.
You scratch the gnoll.
The gnoll is moderately wounded.
The gnoll hits you but does no damage. The gnoll hits you with a +0 spear.
You barely miss the gnoll.
The gnoll is moderately wounded.
The gnoll hits you with a +0 spear. The endoplasm barely misses you.
The gnoll barely misses you.
You scratch the gnoll.
The gnoll is heavily wounded.
You scratch the gnoll but do no damage.
The gnoll is heavily wounded.
The endoplasm hits you. The gnoll hits you with a +0 spear!
* * * LOW HITPOINT WARNING * * *
The gnoll hits you from afar with a +0 spear.
* * * LOW HITPOINT WARNING * * *
You are too injured to fight recklessly!
You are too injured to fight recklessly!
You are too injured to fight recklessly!
You are too injured to fight recklessly!
You are too injured to fight recklessly!
You are too injured to fight recklessly!
You are too injured to fight recklessly!
You are too injured to fight recklessly!
You are too injured to fight recklessly!
You are too injured to fight recklessly!
You are too injured to fight recklessly!
You are too injured to fight recklessly!
You are too injured to fight recklessly!
You are too injured to fight recklessly!
You are too injured to fight recklessly!
You are too injured to fight recklessly!
You are too injured to fight recklessly!
The gnoll attacks as you move away! The gnoll closely misses you.
The endoplasm barely misses you.
The gnoll hits you from afar with a +0 spear!
You die...

.#. #### !.. ...# #.
... ...###... #.###
#........
#...###......#
#####.#..........##
#.............$....
#........B###......
##........@.ggJ.....
.......<..J###g.....
...........# ....
...........# ##
.............
...........###
..########## .


You could see 3 gnolls, 2 endoplasms and a giant cockroach.

Vanquished Creatures
  An adder (D:2)
  4 worms
  3 dart slugs
  3 orcs (D:3)
  7 bats
  4 endoplasms
  2 giant cockroaches
  6 goblins
  5 hobgoblins
  2 quokkas (D:2)
  3 ball pythons (D:3)
  4 frilled lizards
  4 kobolds
  6 rats
54 creatures vanquished.

Notes
Turn   | Place    | Note
-------+----------+-------------------------------------------
     0 | D:1      | Gabide the Ghoul Gladiator began the quest for the Orb.
     0 | D:1      | Reached XP level 1. HP: 17/17 MP: 0/0
    41 | D:1      | Found Qegeix Cauk's Antique Weapon Boutique.
   154 | D:1      | Found a faded altar of an unknown god.
   164 | D:1      | Reached XP level 2. HP: 18/25 MP: 1/1
   749 | D:2      | Reached XP level 3. HP: 26/30 MP: 2/2
  1186 | D:2      | Reached XP level 4. HP: 28/37 MP: 3/3
  2081 | D:4      | Slain by a gnoll

Illustrated notes

Levels and vault maps discovered:
D:1:      lemuel_arrival_hallway, layout_rooms, serial_shops,
          nicolae_lakefront_shop, shapermc_ecumenical_altar_acropolis
D:2:      layout_basic, minmay_puff
D:3:      layout_loops_ring
D:4:      layout_rooms, kennysheep_little_box,
          mainiacjoe_overflow_six_doors_small, minmay_temple_entry_glass,
          kennysheep_donut

Skill      XL: |  1  2  3 |
---------------+----------+-----
Throwing       | 2 |  2.9
Dodging        | 3 |  3.2
Fighting       | |  2.9
Unarmed Combat | |  3.8

Action                   |  1- 3 |  4- 6 || total
-------------------------+-------+-------++-------
Melee: Unarmed           |   110 |    49 ||   159
  Use: Scroll            |       |     6 ||     6
Armor: Leather armour    |    33 |    10 ||    43
Dodge: Dodged            |    63 |    31 ||    94
